 Dungeon Crawl Stone Soup version 0.30-a0-159-g068b764562 (webtiles) character file.

Game seed: 12939793684126121904

345 testman the Trooper (level 6, -6/106 HPs)
             Began as an Ogre Berserker on Sept 27, 2022.
             Was a Believer of Trog.
             Succumbed to Tollund's ghost's poison
             ... on level 3 of the Dungeon.
             The game lasted 00:08:30 (3620 turns).

testman the Trooper (Ogre Berserker)                Turns: 3620, Time: 00:08:31

Health: -6/106     AC:  3    Str: 24    XL:     6   Next: 58%
Magic:  6/6        EV: 10    Int:  8    God:    Trog [**....]
Gold:   229        SH:  0    Dex:  8    Spells: 5/5 levels left

rFire   + . .      SeeInvis .    a - +0 mace
rCold   . . .      Faith    .    (no shield)
rNeg    . . .      Spirit   .    b - +0 animal skin
rPois   .          Reflect  .    (helmet restricted)
rElec   .          Harm     .    (no cloak)
rCorr   +          Rampage  .    (gloves unavailable)
Will    ++...                    (boots unavailable)
Stlth   ..........               (no amulet)
HPRegen 1.27/turn                k - ring of resist corrosion
MPRegen 0.10/turn                v - ring of protection from fire

@: berserking (expiring), lethally poisoned (-6 -> -30), strong-willed,
regenerating, very quick
A: large, unfitting armour, tough skin 1
a: Renounce Religion, Berserk, Trog's Hand


You were on level 3 of the Dungeon.
You worshipped Trog.
Trog was pleased with you.
You visited 1 branch of the dungeon, and saw 3 of its levels.

You collected 229 gold pieces.

Inventory:

Hand Weapons
 a - a +0 mace (weapon)
Armour
 b - a +0 animal skin (worn)
Jewellery
 k - a ring of resist corrosion (left hand)
 v - a ring of protection from fire (right hand)
Scrolls
 d - 4 scrolls of identify {unknown}
 f - a scroll of vulnerability {unknown}
 g - a scroll of poison {unknown}
 l - 4 scrolls of enchant weapon {unknown}
 n - 2 scrolls of fear {unknown}
 p - a scroll of noise {unknown}
 s - a scroll of silence {unknown}
 t - a scroll of acquirement {unknown}
 u - a scroll of teleportation {unknown}
Potions
 c - 3 potions of curing {unknown}
 e - a potion of berserk rage {unknown}
 h - 2 potions of might {unknown}
 i - a potion of mutation {unknown}
 j - 6 potions of heal wounds {unknown}
 m - a potion of magic {unknown}
 o - 2 potions of resistance {unknown}
 q - a potion of degeneration {unknown}
 r - a potion of brilliance {unknown}


   Skills:
 + Level 7.2 Fighting
 + Level 5.0 Maces & Flails
 - Level 2.6 Dodging


You had 5 spell levels left.
You didn't know any spells.
Your spell library was empty.

Dungeon Overview and Level Annotations

Branches:
Dungeon (3/15)

Altars:
Ru

Annotations:
D:3 Tollund's ghost, amateur DsEn; themarg's ghost, weakling DjTm


Innate Abilities, Weirdness & Mutations

You are too large for most types of armour.
You have tough skin. (AC +1)


Message History

You are more poisoned.
Tollund's ghost hits you but does no damage.
You closely miss Tollund's ghost.
Tollund's ghost is severely damaged.
You feel extremely sick.
You barely miss Tollund's ghost.
Tollund's ghost is severely damaged.
You feel very sick. Themarg's ghost hits you.
You are more poisoned.
Tollund's ghost casts a spell at you. The magic dart hits you.
* * * LOW HITPOINT WARNING * * *
Tollund's ghost hits you.
* * * LOW HITPOINT WARNING * * *
You are too berserk!
You hit Tollund's ghost.
Tollund's ghost is severely damaged.
* * * LOW HITPOINT WARNING * * *
You feel very sick. Themarg's ghost closely misses you.
Tollund's ghost hits you.
* * * LOW HITPOINT WARNING * * *
You are more poisoned.
Tollund's ghost closely misses you.
You sock Tollund's ghost!
You destroy Tollund's ghost!
Trog accepts your kill.
Trog appreciates your killing of a magic user.
* * * LOW HITPOINT WARNING * * *
You feel extremely sick. Themarg's ghost closely misses you.
Tollund's ghost hits you.
* * * LOW HITPOINT WARNING * * *
Your Fighting skill increases to level 7!
Your Maces & Flails skill increases to level 5!
You have reached level 6!
You feel stronger.
You are too berserk!
You sock Tollund's ghost!
Tollund's ghost is moderately damaged.
You die...

#.#.# ###)#<#########
#...###.......######
#.#.))#>......'....#
#...#)#.......####.#
#####.###....##.##.######
#....#.........##......[
#.#........###.#####..#.
#.#...W@..#......#....#. #
######'W'#####.##.#.#.... #
#<#♣.......♣ #.##.#...#.# #
#.#⌠.......⌠##.##...#.#..
#########.#♣.......♣##.####.#.###
'.........#........$#.......>.#
############8...$.8##....##...# #
#.##$.8?$##.....#....#
#.#########.##....#..#


You could see Tollund's ghost and themarg's ghost.

Vanquished Creatures
  The ghost of Tollund the Conjurer, an amateur DECj (D:3)
  4 gnolls (D:3)
  8 adders
  A worm (D:2)
  3 dart slugs
  2 ball pythons
  7 bats
  4 endoplasms
  2 giant cockroaches (D:1)
  2 goblins (D:2)
  7 hobgoblins
  8 jackals
  6 kobolds
  4 quokkas (D:1)
  3 frilled lizards
  4 rats (D:1)
66 creatures vanquished.

Notes
Turn   | Place    | Note
-------+----------+-------------------------------------------
     0 | D:1      | testman the Ogre Berserker began the quest for the Orb.
     0 | D:1      | Reached XP level 1. HP: 24/24 MP: 1/1
   142 | D:1      | Found a faded altar of an unknown god.
   164 | D:1      | Reached XP level 2. HP: 17/33 MP: 2/2
   657 | D:1      | Reached XP level 3. HP: 33/41 MP: 3/3
   658 | D:1      | Reached ** piety under Trog
   924 | D:1      | Reached skill level 5 in Fighting
  1396 | D:2      | Reached XP level 4. HP: 50/50 MP: 4/4
  2167 | D:2      | Identified the +0 leather armour of Panentheism {Str+2}
  2194 | D:2      | Reached XP level 5. HP: 59/59 MP: 5/5
  2565 | D:3      | Found a sacrificial altar of Ru.
  2596 | D:3      | Reached skill level 6 in Fighting
  2890 | D:3      | Found a runed translucent gate.
  2891 | D:3      | Found a runed translucent gate.
  2891 | D:3      | Found a runed translucent gate.
  2892 | D:3      | Noticed themarg's ghost (weakling DjTm)
  2892 | D:3      | Noticed Tollund's ghost (amateur DsEn)
  2892 | D:3      | Noticed Tollund's ghost (amateur DECj)
  3619 | D:3      | Killed Tollund's ghost
  3619 | D:3      | HP: 1/91 [Tollund's ghost (6)]
  3620 | D:3      | Reached skill level 7 in Fighting
  3620 | D:3      | Reached skill level 5 in Maces & Flails
  3620 | D:3      | Reached XP level 6. HP: 1/71 MP: 6/6
  3620 | D:3      | Succumbed to Tollund's ghost's poison

Illustrated notes

Levels and vault maps discovered:
D:1:      amcnicky_arrival_wind_blow, layout_basic,
          hellmonk_ecumenical_altar_run_dry, nrook_mini_vaults
D:2:      layout_loops_cross, kennysheep_path_1, minmay_pentomino_s4
D:3:      layout_basic, general_overflow_altar, gammafunk_ghost_cemetery

Skill      XL: |  1  2  3  4  5 |
---------------+----------------+-----
Maces & Flails | 3 4 5 |  5.0
Fighting       | 5 7 |  7.2
Dodging        | |  2.6

Action                   |  1- 3 |  4- 6 || total
-------------------------+-------+-------++-------
Melee: Mace              |   105 |   141 ||   246
       Punch             |     2 |       ||     2
Invok: Berserk           |     1 |     1 ||     2
       Trog's Hand       |       |     2 ||     2
 Stab: Sleeping          |       |     1 ||     1
Armor: Animal skin       |    36 |    52 ||    88
Dodge: Dodged            |    62 |   102 ||   164

Table legend: (Time is in decaauts)
 A = Elapsed time spent in this place.
 B = Non-inter-level travel time spent in this place.
 C = Inter-level travel time spent in this place.
 D = Time resting spent in this place.
 E = Time spent auto-exploring this place.
 F = Levels seen in this place.
 G = Mean time per level.
                   A        B        C        D        E       F      G
               +--------+--------+--------+--------+--------+-----+--------+
         Total |   3672 |   3588 |     84 |    412 |   2555 |   3 | 1224.0 |
       Dungeon |   3672 |   3588 |     84 |    412 |   2555 |   3 | 1224.0 |
               +--------+--------+--------+--------+--------+-----+--------+

Top non-repeatable levels by time:
     D:1: 1402 daAuts
     D:2: 1166 daAuts
     D:3: 1103 daAuts
